 Dungeon Crawl Stone Soup version 0.26-a0-958-gf3041fb45f (webtiles) character file.

Game seed: 1394530003151256909

16 PentaManta the Shield-Bearer (level 2, 0/20 HPs)
             Began as a Halfling Fighter on Nov 30, 2020.
             Slain by a rat (3 damage)
             ... on level 1 of the Dungeon.
             The game lasted 00:01:48 (1005 turns).

PentaManta the Shield-Bearer (Halfling Fighter)     Turns: 1005, Time: 00:01:49

Health: 0/20       AC:  6    Str: 17    XL:     2   Next: 75%
Magic:  2/2        EV:  8    Int:  6    God:
Gold:   46         SH:  9    Dex: 13    Spells: 1/1 levels left

rFire    . . .     SeeInvis .   o - +0 dagger
rCold    . . .     Faith    .   c - +0 kite shield
rNeg     . . .     Spirit   .   b - +0 scale mail
rPois    .         Reflect  .   (no helmet)
rElec    .         Harm     .   (no cloak)
rCorr    .         Rampage  .   (no gloves)
MR       .....                  (no boots)
Stlth    ..........             (no amulet)
HPRegen  0.06/turn              (no ring)
MPRegen  0.08/turn              (no ring)

@: no status effects
A: small, mutation resistance 1
a: no special abilities


You were on level 1 of the Dungeon.
You visited 1 branch of the dungeon, and saw 1 of its levels.

You collected 46 gold pieces.

Inventory:

Hand Weapons
 a - a +0 long sword
 i - a +0 hunting sling
 o - a +0 dagger (weapon)
Missiles
 p - 14 poisoned darts (quivered)
 q - 15 stones
 r - 18 bolts
Armour
 b - a +0 scale mail (worn)
 c - a +0 kite shield (worn)
 g - a +0 ring mail
Scrolls
 e - 2 scrolls of magic mapping {unknown}
 f - 2 scrolls of remove curse {unknown}
 j - a scroll of enchant armour {unknown}
 k - a scroll of noise {unknown}
Potions
 d - a potion of might
 h - a potion of heal wounds {unknown}
 l - 3 potions of curing {unknown}
 m - a potion of attraction {unknown}
 n - a potion of mutation {unknown}


   Skills:
 - Level 2.6 Fighting
 + Level 2.8 Long Blades
 + Level 1.4 Slings
 - Level 3.2 Armour
 - Level 3.2 Shields


You had one spell level left.
You didn't know any spells.
Your spell library was empty.

Dungeon Overview and Level Annotations

Branches:
Dungeon (1/15)

Altars:


Innate Abilities, Weirdness & Mutations

You are small and have problems with some larger weapons.
You are somewhat resistant to further mutation.


Message History

The rat bites you.
The giant cockroach completely misses you.
You closely miss the giant cockroach.
The giant cockroach is almost dead.
You block the rat's attack. You block the giant cockroach's attack.
You are too injured to fight recklessly!
You are too injured to fight recklessly!
You are too injured to fight recklessly!
You hit the giant cockroach but do no damage.
The giant cockroach is almost dead.
The rat closely misses you. You block the giant cockroach's attack.
You hit the giant cockroach but do no damage.
The giant cockroach is almost dead.
The giant cockroach bites you.
* * * LOW HITPOINT WARNING * * *
The rat bites you.
* * * LOW HITPOINT WARNING * * *
The giant cockroach barely misses you.
You hit the rat but do no damage. The rat bites you.
You die...

####.#.#..#....
########....#.#......#
#.....##.####.#.######
#.....##.# #.#.......
#........# #.########
#.....#### #.# #####.#
#.######## #.#
#....... #@# #.######
#r# #.######
######B####..#
#†##....
#............#
#.##....
#....)..###..$
#.##.... #.........
#.##.... #...........
#.##....
#.............
..##....
#^.......#..(#
########


You could see a giant cockroach and a rat.

Vanquished Creatures
  2 goblins (D:1)
  5 hobgoblins (D:1)
  A kobold (D:1)
  4 bats (D:1)
  A frilled lizard (D:1)
  2 rats (D:1)
15 creatures vanquished.

Notes
Turn   | Place    | Note
-------+----------+-------------------------------------------
     0 | D:1      | PentaManta the Halfling Fighter began the quest for the
                  | Orb.
     0 | D:1      | Reached XP level 1. HP: 15/15 MP: 1/1
   163 | D:1      | Reached XP level 2. HP: 12/20 MP: 2/2
   501 | D:1      | Reached skill level 1 in Slings
  1005 | D:1      | Slain by a rat

Illustrated notes

Levels and vault maps discovered:
D:1:      heliophobic_arrival_enchanted_forest, layout_basic

Skill      XL: |  1  2 |
---------------+-------+-----
Slings         | 1 |  1.4
Fighting       | |  2.6
Long Blades    | |  2.8
Armour         | |  3.2
Shields        | |  3.2

Action                   || total
-------------------------++-------
Melee: Long sword        ||    50
       Dagger            ||    15
Armor: Scale mail        ||    28
Dodge: Dodged            ||    29
Block: Kite shield       ||    40
       Rpst.: Long sword ||     7

Table legend: (Time is in decaauts)
 A = Elapsed time spent in this place.
 B = Non-inter-level travel time spent in this place.
 C = Inter-level travel time spent in this place.
 D = Time resting spent in this place.
 E = Time spent auto-exploring this place.
 F = Levels seen in this place.
 G = Mean time per level.
                   A        B        C        D        E       F      G
               +--------+--------+--------+--------+--------+-----+--------+
         Total |   1021 |    845 |    176 |      0 |    642 |   1 | 1021.0 |
       Dungeon |   1021 |    845 |    176 |      0 |    642 |   1 | 1021.0 |
               +--------+--------+--------+--------+--------+-----+--------+

Top non-repeatable levels by time:
     D:1: 1021 daAuts
